 Dungeon Crawl Stone Soup version 0.22-a0-412-g2b68d14 (webtiles) character file.

49 emperorscorpion the Skirmisher (level 3, -1/36 HPs)
             Began as a Gargoyle Berserker on May 12, 2018.
             Was a Follower of Trog.
             Slain by a hound (4 damage)
             ... on level 4 of the Dungeon.
             The game lasted 00:01:09 (515 turns).

emperorscorpion the Skirmisher (Gargoyle Berserker)  Turns: 515, Time: 00:01:10

Health: -1/36      AC: 21    Str: 21    XL:     3   Next: 77%
Magic:  3/3        EV:  2    Int:  7    God:    Trog [*.....]
Gold:   48         SH:  0    Dex:  9    Spells: 2/2 levels left

rFire    . . .     SeeInvis .   a - +0 hand axe
rCold    . . .     Gourm    .   (no shield)
rNeg     + + +     Faith    .   (armour currently unavailable)
rPois    ∞         Spirit   .   (helmet currently unavailable)
rElec    .         Reflect  .   (cloak currently unavailable)
rCorr    .         Harm     .   (gloves currently unavailable)
MR       .....     NoTele   +   (boots currently unavailable)
Stlth    +.........             (no amulet)
HPRegen  0.12/turn              g - ring of flight
MPRegen  0.08/turn              (no ring)

@: tree-form, berserk cooldown, hasted and slowed
A: negative energy resistance 1, petrification resistance, rot immunity, AC +3
a: Berserk, Renounce Religion


You were on level 4 of the Dungeon.
You worshipped Trog.
Trog was aware of your devotion.
You were not hungry.
You were a tree.
You visited 1 branch of the dungeon, and saw 4 of its levels.

You collected 48 gold pieces.

Inventory:

Hand Weapons
 a - a +0 hand axe (weapon)
Armour
 b - a +0 animal skin
 e - a +0 scale mail (melded)
Jewellery
 g - a ring of flight (left branch)
Wands
 n - a wand of digging (4)
Scrolls
 h - a scroll of enchant weapon {unknown}
 i - a scroll of immolation {unknown}
 j - a scroll of enchant armour {unknown}
Potions
 l - a potion of magic {unknown}
 m - a potion of brilliance {unknown}
Comestibles
 c - a ration


   Skills:
 + Level 4.0 Fighting
 + Level 3.3 Axes
 + Level 2.5 Armour
 + Level 1.8 Dodging


You had 2 spell levels left.
You didn't know any spells.
Your spell library was empty.

Dungeon Overview and Level Annotations

Branches:
Dungeon (4/15)
 Temple: D:4-7

Altars:

Annotations:
D:4 Edmund


Innate Abilities, Weirdness & Mutations

You are resistant to torment.
((Your stone body is resilient. (AC +3)))
You are immune to poison.
You resist negative energy. (rN+)
((You are resistant to electric shocks. (rElec)))
((You can survive without breathing.))
You are immune to petrification.
You are immune to rotting.


Message History

* * * LOW HITPOINT WARNING * * *
Found 27 arrows.
An iguana comes into view.
The iguana hisses angrily.
The iguana moves out of view.
The hound bites you but does no damage.
The bullfrog skeleton hits you but does no damage.
The hound bites you but does no damage. x2
The hound bites you but does no damage.
It was a potion of haste.
You feel yourself speed up. The hound bites you.
* * * LOW HITPOINT WARNING * * *
The iguana bites you but does no damage.
The hound bites you.
* * * LOW HITPOINT WARNING * * *
The iguana closely misses you.
It was a potion of lignification.
You turn into a tree.
Your +0 scale mail melds into your body.
Your roots penetrate the ground.
The hound bites you but does no damage.
The iguana bites you but does no damage.
The hound bites you.
You die...

.# . #.##. #...
#..# ###########..#
#.....l♣h@#..#
#.....###o#..######
................(..
#.....###.#..#####
#... ....#..# #.
...##.##..# ### .#
. .......#..# ..
... .##.#...##.##
#..#
....##..#........


You could see Edmund, an iguana, a hound and an orc.

Vanquished Creatures
  An orc priest (D:4)
  An adder (D:3)
  An orc (D:4)
  A goblin (D:1)
  A hobgoblin (D:1)
  2 jackals (D:4)
  A bat (D:1)
  A kobold (D:2)
  4 rats (D:1)
13 creatures vanquished.

Notes
Turn   | Place    | Note
-------+----------+-------------------------------------------
     0 | D:1      | emperorscorpion the Gargoyle Berserker began the quest for the Orb.
     0 | D:1      | Reached XP level 1. HP: 14/14 MP: 1/1
   420 | D:2      | Reached XP level 2. HP: 19/19 MP: 2/2
   482 | D:4      | Reached skill level 4 in Fighting
   482 | D:4      | Reached XP level 3. HP: 24/24 MP: 3/3
   496 | D:4      | Noticed Edmund
   515 | D:4      | Slain by a hound

Vault maps used:
D:1:      scummos_arrival_simple_fountains, hangedman_abyss_or_decor_lesser_grid
D:2:      lemuel_crystal_altar, nemelex_diamond_rough_becter
D:3:      okawaru_gym_becter, lemuel_crystal_altar
D:4:      minivault_11, uniq_natasha, uniq_edmund

Skill      XL: |  1  2 |
---------------+-------+-----
Axes           | 3 |  3.3
Fighting       | 4 |  4.0
Armour         | |  2.5
Dodging        | |  1.8

Action                   || total
-------------------------++-------
Melee: Hand axe          ||    38
Invok: Berserk           ||     1
Evoke: Wand              ||     2
  Use: Potion            ||     2
Armor: Scale mail        ||    47
       Skin              ||     2
Dodge: Dodged            ||    35

Table legend:
 A = Spawn XP
 B = Non-spawn XP
 C = Spawn XP percentage of total XP
 D = Spawn monster count
 E = Non-spawn monster count
 F = Spawn count percentage of total count
 G = Total turns spent on level
                    A         B        C        D         E        F      G
               +---------+---------+-------+---------+---------+-------+---------
         Total |       0 |      71 |   0.0 |       0 |      13 |   0.0 |   515
               +---------+---------+-------+---------+---------+-------+---------
           D:1 |       0 |       9 |   0.0 |       0 |       7 |   0.0 |   391
           D:2 |       0 |       1 |   0.0 |       0 |       1 |   0.0 |    34
           D:3 |       0 |      13 |   0.0 |       0 |       1 |   0.0 |    40
           D:4 |       0 |      48 |   0.0 |       0 |       4 |   0.0 |    50
               +---------+---------+-------+---------+---------+-------+---------
